AoeStats
← _LY_抖音肥龙

Arena

507329032Analyzed
4v4 RM · 14d ago on Sep 17, 2026· 35m 24s· 8 players
Game mode
Random Map
Map size
Large (8 player)
Population
200
Speed
Normal
Resources
Standard
Victory
Conquest
Starting age
Dark Age
Ending age
Imperial Age
RankedLock teamsTeams togetherTeam positionsShared explorationLock speedFull tech treeHidden civsTurbo modeCheats
Victory
Defeat
🇭🇰 Mongols · Hong Kong SAR China
1790
+8
🇨🇳 Britons · China
1643
+14
🇨🇳 Hindustanis · China
1608
+15
🇭🇰 Bengalis · Hong Kong SAR China
1434
+21
🇧🇴 Gurjaras · Bolivia
1665
-18
🇳🇿 Bohemians · New Zealand
1631
-16
🇦🇷 Turks · Argentina
1580
-14
🇪🇸 Teutons · Spain
1479
-10
Benjaiper
10:51 Feudal Age
11:22 Loom
15:04 Castle Age
14:22 Double-Bit Axe
26:17 Horse Collar
30:19 Wheelbarrow
36:23 Imperial Age
35:28 Padded Archer Armor
Nicoairlines
11:59 Feudal Age
16:30 Castle Age
15:15 Double-Bit Axe
15:11 Horse Collar
15:43 Gold Mining
17:54 Bow Saw
21:22 Heavy Plow
22:58 Wheelbarrow
22:31 Stone Mining
24:37 Town Watch
26:18 Hand Cart
26:45 Loom
29:42 Imperial Age
27:43 Town Patrol
27:50 Scale Barding Armor
28:08 Forging
29:04 Stone Shaft Mining
28:44 Bloodlines
29:48 Chain Barding Armor
29:46 Cavalier
31:03 Plate Barding Armor
31:56 Two-Man Saw
31:26 Crop Rotation
32:13 Iron Casting
35:14 Paladin
Joaquin12
10:24 Feudal Age
11:59 Loom
14:49 Castle Age
14:56 Double-Bit Axe
14:53 Horse Collar
15:29 Loom
26:25 Imperial Age
26:18 Chemistry
26:18 Fletching
27:08 Bodkin Arrow
33:12 Sanctity
33:09 Block Printing
33:12 Fervor
33:34 Illumination
Manuel hormigaiper
10:49 Feudal Age
12:35 Horse Collar
14:58 Castle Age
12:54 Double-Bit Axe
16:49 Bow Saw
22:34 Wheelbarrow
22:55 Gold Mining
24:33 Hand Cart
25:48 Gold Shaft Mining
25:05 Stone Mining
25:51 Heavy Plow
26:20 Loom
26:20 Town Watch
27:07 Scale Barding Armor
29:42 Imperial Age
27:26 Kshatriyas
27:34 Bloodlines
27:24 Husbandry
27:35 Bloodlines
27:25 Husbandry
30:00 Forging
30:10 Chain Barding Armor
30:04 Heavy Camel Rider
31:42 Plate Barding Armor
33:42 Iron Casting
32:57 Siege Elephant
_LY_抖音肥龙
9:55 Feudal Age
10:43 Double-Bit Axe
13:34 Castle Age
11:16 Horse Collar
14:33 Bow Saw
21:28 Wheelbarrow
21:47 Loom
22:50 Hand Cart
23:02 Fletching
23:24 Heavy Plow
24:05 Bodkin Arrow
24:19 Gold Mining
24:57 Padded Archer Armor
25:17 Ballistics
30:15 Imperial Age
29:04 Gold Shaft Mining
28:19 Stone Mining
28:53 Bloodlines
28:44 Husbandry
29:07 Thumb Ring
30:04 Leather Archer Armor
30:28 Elite Mangudai
31:09 Bracer
32:17 Chemistry
32:00 Parthian Tactics
32:24 Conscription
33:58 Siege Engineers
33:24 Onager
35:12 Town Watch
35:12 Siege Onager
609170940
10:27 Feudal Age
13:57 Castle Age
11:51 Double-Bit Axe
12:29 Horse Collar
14:57 Bow Saw
19:44 Wheelbarrow
21:01 Heavy Plow
23:50 Hand Cart
27:28 Imperial Age
25:38 Padded Archer Armor
25:29 Fletching
25:33 Gold Mining
25:33 Stone Mining
25:45 Loom
26:43 Ballistics
26:59 Bodkin Arrow
27:19 Leather Archer Armor
27:43 Gold Shaft Mining
28:36 Conscription
29:28 Two-Man Saw
28:59 Crop Rotation
28:47 Bracer
29:17 Ring Archer Armor
30:42 Ring Archer Armor
31:12 Chemistry
30:51 Bloodlines
30:41 Husbandry
30:45 Elite Elephant Archer
32:13 Paiks
34:16 Mahayana
35:02 Coinage
aimbot
10:10 Feudal Age
14:06 Castle Age
13:04 Double-Bit Axe
13:01 Horse Collar
15:13 Bow Saw
19:39 Loom
22:38 Fletching
22:57 Guard Tower
25:31 Wheelbarrow
25:03 Heavy Plow
25:35 Bodkin Arrow
30:05 Imperial Age
28:46 Gold Mining
30:08 Gold Shaft Mining
30:04 Hand Cart
30:51 Grand Trunk Road
32:17 Two-Man Saw
31:12 Stone Mining
32:05 Conscription
33:05 Chemistry
32:15 Bodkin Arrow
32:21 Padded Archer Armor
32:26 Scale Barding Armor
32:35 Forging
32:39 Bloodlines
32:29 Husbandry
32:54 Heavy Camel Rider
34:57 Imperial Camel Rider
温蒂
9:42 Feudal Age
13:20 Castle Age
11:31 Double-Bit Axe
12:05 Horse Collar
14:20 Bow Saw
19:56 Loom
24:52 Wheelbarrow
27:57 Imperial Age
25:23 Gold Mining
26:14 Hand Cart
25:51 Fletching
26:35 Heavy Plow
26:32 Bodkin Arrow
26:32 Stone Mining
26:49 Padded Archer Armor
27:43 Ballistics
27:34 Masonry
28:26 Gold Shaft Mining
28:08 Leather Archer Armor
28:16 Town Watch
29:11 Bracer
29:50 Architecture
30:37 Ring Archer Armor
31:18 Chemistry
31:23 Conscription
31:50 Elite Longbowman
33:26 Yeomen
35:50 Warwolf
35:56 Siege Engineers
35:32 Treadmill Crane
Connection lost

Rejoining the realm…

Still unreachable

The connection could not be restored.

Session expired

The server has moved on; the page needs a fresh start.